 Dungeon Crawl Stone Soup version 0.29-a0-994-gc5c9f59d18 (webtiles) character file.

Game seed: 3033499155375988695

408 leavemydog the Chopper (level 6, -2/53 HPs)
             Began as a Hill Orc Fighter on Aug 3, 2022.
             Succumbed to a kobold brigand's poison
             ... in a sewer.
             The game lasted 00:04:40 (2853 turns).

leavemydog the Chopper (Hill Orc Fighter)           Turns: 2853, Time: 00:04:40

Health: -2/53      AC:  9    Str: 21    XL:     6   Next: 88%
Magic:  6/6        EV:  9    Int:  8    God:
Gold:   75         SH:  4    Dex: 10    Spells: 5/5 levels left

rFire   . . .      SeeInvis .   a - +0 war axe
rCold   . . .      Faith    .   c - +0 buckler
rNeg    . . .      Spirit   .   b - +0 scale mail
rPois   .          Reflect  .   (no helmet)
rElec   .          Harm     .   (no cloak)
rCorr   .          Rampage  .   m - +1 pair of gloves
Will    .....                   (no boots)
Stlth   ..........              (no amulet)
HPRegen 0.17/turn               (no ring)
MPRegen 0.10/turn               (no ring)

@: lethally poisoned (-2 -> -14)
A: no striking features
a: no special abilities


You were in a sewer.
You visited 1 branch of the dungeon, and saw 4 of its levels.
You also visited: Sewer.

You collected 75 gold pieces.

Inventory:

Hand Weapons
 a - a +0 war axe (weapon)
Missiles
 j - a throwing net (quivered)
Armour
 b - a +0 scale mail (worn)
 c - a +0 buckler (worn)
 m - a +1 pair of gloves (worn)
Wands
 p - a wand of light (13)
Scrolls
 f - 2 scrolls of identify
 h - a scroll of poison {unknown}
 k - a scroll of noise {unknown}
 l - a scroll of amnesia {unknown}
 n - 2 scrolls of immolation
 o - a scroll of silence {unknown}
 q - a scroll of magic mapping {unknown}
 r - a scroll of vulnerability {unknown}
Potions
 d - a potion of might
 g - a potion of haste


   Skills:
 + Level 4.4 Fighting
 * Level 7.5 Axes
 + Level 4.4 Armour
 + Level 3.9 Shields
 * Level 0.2 Spellcasting
 * Level 0.4 Necromancy


You had 5 spell levels left.
You didn't know any spells.
Your spell library contained the following spells:

 Spells                   Type           Power      Damage    Failure   Level
 Portal Projectile        Hex/Tloc       0%         N/A       99%         3
 Tukima's Dance           Hex            0%         N/A       99%         3
 Blade Hands              Tmut           0%         N/A       100%        5
 Irradiate                Conj/Tmut      0%         3d11      100%        5
 Dragon Form              Tmut           0%         N/A       100%        7


Dungeon Overview and Level Annotations

Branches:
Dungeon (4/15)              Sewer (1/1)
 Temple: D:4-7

Altars:
Makhleb

Shops:
D:1 :=[(   D:2 (


Message History

You feel very sick.
The kobold brigand hits you but does no damage.
You are more poisoned.
It was a potion of flight.
You feel very buoyant.
You fly up into the air.
* * * LOW HITPOINT WARNING * * *
You feel very sick.
The kobold brigand hits you with a +1 dagger of venom.
* * * LOW HITPOINT WARNING * * *
It was a potion of cancellation.
Your magical effects are unravelling.
You feel magically purged.
You float gracefully downwards.
You feel a little less mighty now.
* * * LOW HITPOINT WARNING * * *
You feel very sick.
The kobold brigand splashes around in the water.
It was a potion of heal wounds.
You feel much better.
You feel very sick.
The kobold brigand hits you with a +1 dagger of venom!
You are lethally poisoned!
Okay, then.
As you read the scroll labelled LARCHE YCUOTU, it crumbles to dust.
It is a scroll of identify.
n - 2 scrolls of immolation
* * * LOW HITPOINT WARNING * * *
You feel very sick.
The kobold brigand completely misses you.
You closely miss the kobold brigand.
* * * LOW HITPOINT WARNING * * *
You feel very sick.
The kobold brigand splashes around in the water.
You closely miss the kobold brigand.
* * * LOW HITPOINT WARNING * * *
You feel very sick.
The kobold brigand hits you with a +1 dagger of venom.
* * * LOW HITPOINT WARNING * * *
You slash the kobold brigand!
The kobold brigand is heavily wounded.
You die...

............~# ~~.∩.∩.~~~~..#
~~....~~..~.~#
~~....~.~~..~## #######
...~~~.~.~~~..## #####~~~~.#
~.~.~...~##~~.~####~.~~†#####
#~~~~~~~####~~....~~###~~~~.#
#.~..~..## #~~~~~)~.# #######
.~~~~~.~.####~..@K~~###~~~~.#
.~.~~~~....########~~~~~#
..#####~..~.# #####~~~~.# ~##
##~.~.# ###### ## ##~~.# #
#...# # #.~.# ## ##~.†## ~#
#~~~~)#


You could see a kobold brigand.

Vanquished Creatures
  4 kobold brigands (Sewer)
  An iguana (D:4)
  2 adders
  4 river rats (Sewer)
  2 bats (D:1)
  An endoplasm (D:4)
  5 giant cockroaches
  2 goblins
  5 hobgoblins
  7 kobolds
  4 quokkas (D:3)
  3 ball pythons
  4 frilled lizards
  7 rats
51 creatures vanquished.

Notes
Turn   | Place    | Note
-------+----------+-------------------------------------------
     0 | D:1      | leavemydog the Hill Orc Fighter began the quest for the
                  | Orb.
     0 | D:1      | Reached XP level 1. HP: 19/19 MP: 1/1
    62 | D:1      | Found Eneudall's Book Boutique.
   137 | D:1      | Found Dynisooj's Jewellery Shop.
   138 | D:1      | Found Pepom's Antique Armour Shop.
   162 | D:1      | Reached XP level 2. HP: 27/27 MP: 2/2
   227 | D:1      | Found Natsoirpho's Weapon Boutique.
   452 | D:1      | Reached skill level 3 in Axes
   538 | D:1      | Found a faded altar of an unknown god.
  1282 | D:2      | Found Wurch's Antique Weapon Shoppe.
  1295 | D:2      | Reached XP level 3. HP: 32/33 MP: 3/3
  1331 | D:2      | You fall into a shaft and drop 2 floors!
  1456 | D:4      | Found a burning altar of Makhleb.
  1456 | D:4      | Noticed a cacodemon
  1558 | D:4      | Reached skill level 4 in Axes
  1567 | D:4      | Reached XP level 4. HP: 10/40 MP: 4/4
  1965 | D:3      | Found a glowing drain.
  1992 | Sewer    | Entered a sewer
  2016 | Sewer    | Noticed a kobold brigand
  2043 | Sewer    | Killed a kobold brigand
  2044 | Sewer    | Reached skill level 5 in Axes
  2044 | Sewer    | Reached XP level 5. HP: 42/46 MP: 5/5
  2167 | Sewer    | Reached skill level 6 in Axes
  2218 | Sewer    | Noticed a kobold brigand
  2265 | Sewer    | Killed a kobold brigand
  2266 | Sewer    | Reached XP level 6. HP: 16/52 MP: 6/6
  2578 | Sewer    | Reached skill level 7 in Axes
  2852 | Sewer    | HP: 1/53 [kobold brigand/+1 dagger of venom (3)]
  2853 | Sewer    | Succumbed to a kobold brigand's poison

Illustrated notes

Levels and vault maps discovered:
D:1:      lightli_molten_gateway, layout_loops_ring,
          shapermc_ecumenical_altar_mp_highgroup, serial_shops, shop,
          nicolae_shop_advertising_works [nicolae_subvault_shop_adworks],
          nicolae_square_shop, shop_fountains
D:2:      layout_loops_ring, serial_shops, shop
D:3:      layout_basic, portal_sewer_entry_f, nicolae_titane
D:4:      layout_loops_ring, pdpol_wu_jian_five_deadly_venoms,
          makhleb_altar_promises_db, grunt_gozag_statues
Sewer:    sewer_co_tree

Skill      XL: |  1  2  3  4  5  6 |
---------------+-------------------+-----
Axes           | 3 4 5 6 7 |  7.5
Fighting       | 4 |  4.4
Armour         | 4 |  4.4
Shields        | |  3.9
Spellcasting   | |  0.2
Necromancy     | |  0.4

Action                   |  1- 3 |  4- 6 || total
-------------------------+-------+-------++-------
Melee: War axe           |    75 |   156 ||   231
  Use: Potion            |       |     6 ||     6
       Scroll            |       |     1 ||     1
Armor: Scale mail        |    32 |    59 ||    91
Dodge: Dodged            |    31 |    58 ||    89
Block: Buckler           |    19 |    32 ||    51

Table legend: (Time is in decaauts)
 A = Elapsed time spent in this place.
 B = Non-inter-level travel time spent in this place.
 C = Inter-level travel time spent in this place.
 D = Time resting spent in this place.
 E = Time spent auto-exploring this place.
 F = Levels seen in this place.
 G = Mean time per level.
                   A        B        C        D        E       F      G
               +--------+--------+--------+--------+--------+-----+--------+
         Total |   2994 |   2882 |    112 |    586 |   1774 |   5 |  598.8 |
       Dungeon |   2031 |   1919 |    112 |    230 |   1406 |   4 |  507.8 |
         Sewer |    963 |    963 |      0 |    356 |    368 |   1 |  963.0 |
               +--------+--------+--------+--------+--------+-----+--------+

Top non-repeatable levels by time:
   Sewer: 963 daAuts
     D:1: 917 daAuts
     D:4: 494 daAuts
     D:2: 434 daAuts
     D:3: 183 daAuts
